 Dungeon Sprint DCSS version 0.28.0-43-g3370ac3207 (webtiles) character file.

Game seed: 6415726838237409869

4629 boopmooplesden the Severer (level 10, -2/166 HPs)
             Began as a Minotaur Berserker on Mar 4, 2022.
             Was a Priest of Trog.
             Slain by Kirke (14 damage)
             ... in the Dungeon (Sprint II: "The Violet Keep of Menkaure").
             The game lasted 00:05:10 (1095 turns).

boopmooplesden the Severer (Minotaur Berserker)     Turns: 1095, Time: 00:05:10

Health: -2/166     AC:  0    Str: 26    XL:     10   Next: 19%
Magic:  9/9        EV: 17    Int:  4    God:    Trog [***...]
Gold:   365        SH:  0    Dex: 10    Spells: 9/9 levels left

rFire   . . .      SeeInvis .   (weapon currently unavailable)
rCold   . . .      Faith    .   (shield currently unavailable)
rNeg    . . .      Spirit   .   (armour currently unavailable)
rPois   .          Reflect  .   (helmet currently unavailable)
rElec   .          Harm     .   (cloak currently unavailable)
rCorr   .          Rampage  .   (gloves currently unavailable)
Will    .....      NoTele   +   (boots currently unavailable)
Stlth   ..........              (no amulet)
HPRegen 0.37/turn               (ring currently unavailable)
MPRegen 0.11/turn               (ring currently unavailable)

@: berserking (expiring), pig-form, very quick
A: fast, no casting, small, (horns 2), (retaliatory headbutt), (deformed body)
a: Renounce Religion, Berserk, Trog's Hand


You were in the Dungeon.
You worshipped Trog.
Trog was most pleased with you.
You were a filthy swine.
You visited 1 branch You collected 1186 gold pieces.
You spent 821 gold pieces at shops.

Inventory:

Hand Weapons
 a - a +0 hand axe
 i - the +1 war axe "Cisavun" {pain, Drain rC+ Int+8}
   (You bought it in a shop in the Dungeon)

   In the hands of one skilled in necromantic magic, it inflicts extra damage on
   living creatures.
   Int:       It affects your intelligence (+8).
   rC:        It protects you from cold.
   Drain:     It drains your maximum health when unequipped.
   Trog disapproves of the use of such an item.
 m - the +9 flail "Ceetau" (melded) {spect, Str+3}
   (You bought it in a shop in the Dungeon)

   When its wielder attacks, the weapon's spirit leaps out and strikes again.
   The spirit shares a part of any damage it takes with its wielder.
   Str:       It affects your strength (+3).
Armour
 b - a +0 animal skin
 j - the +2 ring mail of Call (melded) {Drain rPois rCorr Int+3}
   (You bought it in a shop in the Dungeon)

   Int:       It affects your intelligence (+3).
   rPois:     It protects you from poison.
   rCorr:     It protects you from acid and corrosion.
   Drain:     It drains your maximum health when unequipped.
 k - a +2 pair of boots of stealth (melded)
Scrolls
 h - a scroll of blinking
 u - a scroll of amnesia
 v - a scroll of enchant armour
Potions
 c - a potion of curing
 d - a potion of heal wounds
 e - 3 potions of haste
 f - 6 potions of magic
 g - a potion of berserk rage
 l - a potion of attraction {unknown}
 n - a potion of invisibility {unknown}
 p - 3 potions of flight
 q - 2 potions of mutation
 r - a potion of might {unknown}
 t - 3 potions of resistance


   Skills:
 + Level 17.6 Fighting
 + Level 18.5(18.6) Axes
 + Level 1.4(12.2) Maces & Flails
 + Level 9.1 Armour
 + Level 9.8 Dodging
 + Level 0.1 Stealth


You had 9 spell levels left.
You didn't know any spells.
Your spell library was empty.

Dungeon Overview and Level Annotations

Branches:
Dungeon (1/1)

Altars:
Cheibriados
Dithmenos
Elyvilon
Fedhas
Gozag
Hepliaklqana
Kikubaaqudgha
Makhleb
Nemelex Xobeh
Okawaru
Qazlal
Ru
Sif Muna
Trog
Uskayaw
Vehumet
Wu Jian
Xom
Yredelemnul
Zin
The Shining One
Beogh
Jiyva
Lugonu

Shops:
D ((:![=(![?(=:([

Annotations:
D exclusions: ice statue, obsidian statue, oklob plant and orange crystal statue, Kirke


Innate Abilities, Weirdness & Mutations

You are a filthy swine.
You move quickly.
Your equipment is almost entirely melded.
You are incapable of wielding weapons or throwing items.
You cannot cast spells.
((You have a pair of horns on your head.))
((You reflexively headbutt those who attack you in melee.))
((Armour fits poorly on your strangely shaped body.))


Message History

You kill the yaktaur captain!
Trog accepts your kill. Kirke casts a spell at you.
You turn into a filthy swine.
The +9 flail "Ceetau" {spect, Str+3} melds into your body.
Your +2 pair of boots of stealth melds into your body.
The +2 ring mail of Call {Drain rPois rCorr Int+3} melds into your body.
You feel less stealthy.
Your life force feels restored.
Your base Maces & Flails skill increases to level 1!
Your Armour skill increases to level 9!
Things that are here:
a +0 arbalest; 24 bolts; a yaktaur corpse You hit Kirke.
Kirke is lightly wounded.
Kirke hits you.
* * * LOW HITPOINT WARNING * * *
You bite Kirke!
Kirke is lightly wounded.
The obsidian statue slips into the dungeon's darkness for a moment.
Kirke gestures at you while chanting.
You feel a momentary urge to oink.
You bite Kirke!
Kirke is lightly wounded.
You maul Kirke!!
Kirke is moderately wounded.
Kirke hits you!
* * * LOW HITPOINT WARNING * * *
You closely miss Kirke.
Kirke is moderately wounded.
You hit Kirke.
Kirke is moderately wounded.
Kirke hits you!
* * * LOW HITPOINT WARNING * * *
You barely miss Kirke.
Kirke is moderately wounded.
You bite Kirke!
Kirke is heavily wounded.
Kirke hits you!
You die...

§§≈§≈≈≈## °§≈§≈≈≈## ▓▓ ≈°8§≈≈≈≈#
+° c # §≈≈○≈≈ #° Kc.≈## §≈°≈ #.
##########c≈#+++#+++## #
#########≈≈≈.........# #
........#≈≈≈≈.##@##..# #. #
....⌠...#≈≈≈≈###h###.#### +.##.#
...∩.∩..#≈≈≈≈#..#..# ...# ...##
..∩.∩.∩.#≈≈####.#.####..## #..##
.∩.∩.∩.∩#≈##.###'###.##..# +..#.
∩.....∩.#≈#.).##.##.#.#..# #..#†
.∩.....∩'≈'.#.'.<.'###'..####..##
∩.......#≈#...##.##.#.#....###...
▓▓▓▓▓▓###≈##.###'###.##§.§...≈≈≈≈
(Yh######≈≈####...####≈≈.§...≈#+#


You could see Kirke and an obsidian statue.

Vanquished Creatures
  A kraken (D)
  A yaktaur captain (D)
  A merfolk siren (D)
  A yaktaur (D)
  3 polar bears (D)
  A hornet (D)
  4 neqoxecs (D)
  2 wyverns (D)
  Menkaure (D)
  3 water moccasins (D)
  4 scorpions (D)
  A hell rat (D)
  4 tentacles (D)
27 creatures vanquished.

Vanquished Creatures (others)
  A water moccasin (D)
  2 tentacles (D)
3 creatures vanquished.

Grand Total: 30 creatures vanquished

Notes
Turn   | Place    | Note
-------+----------+-------------------------------------------
     0 | D        | boopmooplesden the Minotaur Berserker began the quest for
                  | the Orb.
     0 | D        | Reached XP level 1. HP: 19/19 MP: 0/0
     1 | D        | Noticed a wyvern
     1 | D        | Noticed a wyvern
     4 | D        | Killed a wyvern
     5 | D        | Reached skill level 8 in Axes
     5 | D        | Reached XP level 2. HP: 35/35 MP: 1/1
     5 | D        | Reached XP level 3. HP: 40/40 MP: 2/2
     5 | D        | Reached XP level 4. HP: 48/48 MP: 3/3
     8 | D        | Killed a wyvern
     9 | D        | Reached skill level 10 in Fighting
     9 | D        | Reached skill level 10 in Axes
     9 | D        | Reached skill level 5 in Armour
     9 | D        | Reached skill level 5 in Dodging
     9 | D        | Reached XP level 5. HP: 58/58 MP: 4/4
     9 | D        | Reached XP level 6. HP: 66/66 MP: 5/5
    61 | D        | Reached ** piety under Trog
    64 | D        | Reached skill level 11 in Axes
   106 | D        | Noticed a neqoxec
   106 | D        | Noticed a neqoxec
   106 | D        | Noticed a neqoxec
   106 | D        | Noticed a neqoxec
   109 | D        | Killed a neqoxec
   109 | D        | Reached *** piety under Trog
   110 | D        | Reached skill level 12 in Axes
   110 | D        | Reached XP level 7. HP: 77/77 MP: 6/6
   114 | D        | Killed a neqoxec
   115 | D        | Reached skill level 13 in Axes
   118 | D        | Killed a neqoxec
   118 | D        | Gained mutation: Armour fits poorly on your strangely
                  | shaped body. [a neqoxec]
   125 | D        | Killed a neqoxec
   126 | D        | Reached XP level 8. HP: 86/86 MP: 7/7
   174 | D        | Noticed a merfolk siren
   185 | D        | Killed a merfolk siren
   185 | D        | Reached **** piety under Trog
   186 | D        | Reached skill level 14 in Axes
   191 | D        | Found Ipnacae's Book Shoppe.
   191 | D        | Found Fuecw's Antique Weapon Shoppe.
   191 | D        | Found Untem's Antique Weapon Emporium.
   191 | D        | Found Riatoa's Jewellery Emporium.
   191 | D        | Found Gompedaf's Antique Armour Shoppe.
   191 | D        | Found Payh Nosu's Magic Scroll Shoppe.
   192 | D        | Found Salim's Distillery.
   192 | D        | Found Echoopp's Antique Weapon Emporium.
   193 | D        | Found Ahud's Armour Emporium.
   193 | D        | Found Soen's Jewellery Emporium.
   193 | D        | Noticed Menkaure
   205 | D        | Killed Menkaure
   215 | D        | Reached ***** piety under Trog
   224 | D        | Found Huacrull's Antique Armour Shoppe.
   224 | D        | Found Damus's Distillery.
   224 | D        | Noticed an oklob plant
   224 | D        | Noticed a polar bear
   225 | D        | Found Fitew's Weapon Shoppe.
   225 | D        | Found Humo's Weapon Emporium.
   225 | D        | Found Mearphul's Book Shoppe.
   232 | D        | Bought a warped war axe for 229 gold pieces
   232 | D        | Identified the +1 war axe "Cisavun" {pain, Drain rC+ Int+8}
                  | (You bought it in a shop in the Dungeon)
   234 | D        | Noticed an ice dragon
   236 | D        | Noticed a polar bear
   242 | D        | Bought a heavily runed ring mail for 198 gold pieces
   242 | D        | Identified the +2 ring mail of Call {Drain rPois rCorr
                  | Int+3} (You bought it in a shop in the Dungeon)
   242 | D        | Bought a pair of runed boots for 165 gold pieces
   285 | D        | Noticed an orange crystal statue
   294 | D        | Reached skill level 15 in Axes
   295 | D        | Found a glowing silver altar of Zin.
   295 | D        | Found a radiant altar of Vehumet.
   296 | D        | Found a glowing golden altar of the Shining One.
   296 | D        | Found a basalt altar of Yredelemnul.
   296 | D        | Found a hide-covered altar of Uskayaw.
   296 | D        | Found a sparkling altar of Nemelex Xobeh.
   297 | D        | Found a shimmering altar of Xom.
   297 | D        | Found a bloodstained altar of Trog.
   297 | D        | Found a burning altar of Makhleb.
   298 | D        | Found an ornate altar of the Wu Jian Council.
   298 | D        | Found a shimmering blue altar of Sif Muna.
   298 | D        | Found a corrupted altar of Lugonu.
   298 | D        | Found a blossoming altar of Fedhas.
   299 | D        | Found a sacrificial altar of Ru.
   299 | D        | Found an ancient bone altar of Kikubaaqudgha.
   299 | D        | Found a white marble altar of Elyvilon.
   300 | D        | Found a stormy altar of Qazlal.
   300 | D        | Found a viscous altar of Jiyva.
   300 | D        | Found a shadowy altar of Dithmenos.
   301 | D        | Found a hazy altar of Hepliaklqana.
   301 | D        | Found a snail-covered altar of Cheibriados.
   303 | D        | Noticed a yaktaur
   303 | D        | Noticed a hornet
   303 | D        | Noticed a polar bear
   303 | D        | Noticed a polar bear
   306 | D        | Killed a polar bear
   307 | D        | Noticed a polar bear
   310 | D        | Killed a polar bear
   311 | D        | Reached skill level 15 in Fighting
   313 | D        | Killed a hornet
   314 | D        | Reached skill level 16 in Axes
   314 | D        | Reached XP level 9. HP: 97/97 MP: 8/8
   314 | D        | Killed a polar bear
   320 | D        | Killed a yaktaur
   369 | D        | Noticed a kraken
   387 | D        | Reached skill level 17 in Axes
   422 | D        | Killed a kraken
   423 | D        | Reached skill level 18 in Axes
   423 | D        | Reached XP level 10. HP: 12/111 MP: 9/9
   816 | D        | Found an opulent altar of Gozag.
   826 | D        | Found an iron altar of Okawaru.
   833 | D        | Noticed an ice statue
   901 | D        | Bought a fine flail for 229 gold pieces
   901 | D        | Identified the +9 flail "Ceetau" {spect, Str+3} (You bought
                  | it in a shop in the Dungeon)
  1068 | D        | Noticed an obsidian statue
  1071 | D        | Noticed Kirke
  1071 | D        | Noticed a yaktaur captain
  1071 | D        | Noticed a centaur warrior
  1086 | D        | Killed a yaktaur captain
  1087 | D        | Reached skill level 1 in Maces & Flails
  1095 | D        | Slain by Kirke

Illustrated notes

Levels and vault maps discovered:
D:        the_violet_keep_of_menkaure [sprint2_stairs_cluster_1,
          sprint2_shoproom, sprint2_temple, sprint2_basic_supplies,
          sprint2_obstacle_4, sprint2_obstacle_2, sprint2_obstacle_3,
          sprint2_obstacle_7, sprint2_obstacle_5, sprint2_timed_cluster_1,
          sprint2_smallroom_cluster_1, sprint2_smallroom_final_cluster_1,
          sprint2_transparent_cluster_1, sprint2_second_timed_cluster_1,
          sprint2_sniper_area_1, sprint2_heavy_combat_area_1,
          sprint2_mutation_trap_area_1, sprint2_forest_area_1,
          sprint2_light_combat_area_1, sprint2_behind_water_1,
          sprint2_near_end_vault_1]

Skill      XL: |  1  2  3  4  5  6  7  8  9 10 |
---------------+-------------------------------+-----
Fighting       | 8 10 12 13 15 17 | 17.6
Axes           | 8 10 12 13 16 18 | 18.5
Armour         | 4 5 6 7 8 9 |  9.1
Dodging        | 4 5 6 8 9 |  9.8
Maces & Flails | 1 |  1.4
Stealth        | |  0.1

Action                   |  1- 3 |  4- 6 |  7- 9 | 10-12 || total
-------------------------+-------+-------+-------+-------++-------
Melee: Hand axe          |     2 |    17 |    29 |       ||    48
       Headbutt          |       |     2 |    11 |     1 ||    14
       War axe           |       |       |    57 |       ||    57
       Punch             |       |       |     3 |       ||     3
       Unarmed           |       |       |       |     8 ||     8
       Flail             |       |       |       |     3 ||     3
Invok: Berserk           |     1 |     2 |     2 |     1 ||     6
  Use: Scroll            |       |       |       |     7 ||     7
       Potion            |       |       |       |     1 ||     1
Armor: Ring mail         |       |       |    17 |     3 ||    20
Dodge: Dodged            |     2 |    13 |    47 |       ||    62
